 Dungeon Crawl Stone Soup version 0.18-b1-22-ge198996 (webtiles) character file.

73 shmeve the Bolt Thrower (level 4, -1/28 HPs)
             Began as a Gargoyle Hunter on May 4, 2016.
             Slain by an adder (3 damage)
             ... on level 2 of the Dungeon.
             The game lasted 00:03:15 (1001 turns).

shmeve the Bolt Thrower (Gargoyle Hunter)           Turns: 1001, Time: 00:03:15

Health: -1/28      AC: 14    Str: 18    XL:     4   Next: 27%
Magic:  4/4        EV:  5    Int: 12    God:
Gold:   79         SH:  0    Dex: 10    Spells: 0 memorised, 3 levels left

rFire  . . .     SeeInvis .     b - +0 short sword
rCold  . . .     Gourm    .     i - +0 plate armour
rNeg   + . .     Faith    .     (no shield)
rPois  ∞         Spirit   .     (no helmet)
rElec  +         Dismiss  .     (no cloak)
rCorr  .         Reflect  .     (no gloves)
SustAt .         Harm     .     (no boots)
MR     .....                    (no amulet)
Stlth  ..........               (no ring)
                                h - +2 ring of strength

@: not resistant to hostile enchantments, extremely unstealthy
A: negative energy resistance 1, electricity resistance, unbreathing,
petrification resistance, rot immunity, AC +3
a: no special abilities


You were on level 2 of the Dungeon.
You were not hungry.

You visited 1 branch of the dungeon, and saw 2 of its levels.

You collected 79 gold pieces.

Inventory:

Hand Weapons
 a - a +1 hand crossbow
 b - a +0 short sword (weapon)
Missiles
 d - 16 bolts
Armour
 i - a +0 plate armour (worn)
Jewellery
 h - a +2 ring of strength (left hand)
Scrolls
 e - a scroll of identify {unknown}
Potions
 c - a potion of agility {unknown}
 g - 2 potions of heal wounds {unknown}
Comestibles
 f - a bread ration


   Skills:
 * Level 3.1 Fighting
 * Level 4.2 Crossbows
 * Level 1.9 Armour
 + Level 1.9 Dodging
 + Level 2.2 Stealth


You had 3 spell levels left.
You didn't know any spells.

Dungeon Overview and Level Annotations

Branches:
Dungeon (2/15)

Altars:

Annotations:
D:2 Terence


Innate Abilities, Weirdness & Mutations

You are resistant to torment.
Your stone body is resilient (AC +3).
You are immune to poison.
You resist negative energy.
You are resistant to electric shocks.
You can survive without breathing.
You are immune to petrification.
You are immune to rotting.


Message History

* * * LOW HITPOINT WARNING * * *
The hobgoblin hits you but does no damage.
Terence hits you but does no damage.
Unknown command.
Your plate armour prevents you from hitting Terence.
Terence is severely wounded.
The adder bites you but does no damage.
The hobgoblin hits you but does no damage.
The adder bites you but does no damage. Terence hits you with a trident.
* * * LOW HITPOINT WARNING * * *
You hit Terence but do no damage.
Terence is severely wounded.
The hobgoblin hits you but does no damage.
The adder bites you but does no damage. Terence barely misses you.
Your plate armour prevents you from hitting Terence.
Terence is severely wounded.
The adder bites you but does no damage.
The hobgoblin hits you but does no damage.
The adder bites you.
You die...

.##.# #.# #.### .##.#
#......# #.# #.... .##.#
##......# #.#######
.##.# ........#
######........ .##.#
.?......###........#####
>....
........'.'.............
###.# ........#
#...........## # #
......@.# #......†..#.#
+ .....(S@#
#.........#.## ###
......g)###.........#..#
....
########............##.#
#... #.##########.##.#
... #.# #.##.# #.#
#.##.. +.# #.###. ###
#.###. #.....


You could see Terence, an adder and a hobgoblin.

Vanquished Creatures
  Jessica (D:2)
  A gnoll (D:1)
  An adder (D:2)
  A giant cockroach (D:2)
  A goblin (D:1)
  5 hobgoblins
  4 jackals (D:1)
  3 kobolds (D:1)
  A ball python (D:1)
  4 bats
  3 giant newts
  4 rats
29 creatures vanquished.

Notes
Turn   | Place    | Note
--------------------------------------------------------------
     0 | D:1      | shmeve the Gargoyle Hunter began the quest for the Orb.
     0 | D:1      | Reached XP level 1. HP: 12/12 MP: 1/1
   176 | D:1      | Reached XP level 2. HP: 18/18 MP: 2/2
   273 | D:1      | Reached skill level 1 in Armour
   510 | D:1      | Reached XP level 3. HP: 22/22 MP: 3/3
   768 | D:2      | Noticed Jessica
   779 | D:2      | Killed Jessica
   779 | D:2      | Reached XP level 4. HP: 28/28 MP: 4/4
   965 | D:2      | Noticed Terence
  1001 | D:2      | Slain by an adder

Skill      XL: |  1  2  3 |
---------------+----------+-----
Armour         | 1 |  1.9
Stealth        | 2 |  2.2
Fighting       | 3 |  3.1
Crossbows      | |  4.2
Dodging        | |  1.9

Action                   |  1- 3 |  4- 6 || total
-------------------------+-------+-------++-------
Melee: Short sword       |    26 |    35 ||    61
 Fire: Hand crossbow     |    30 |     5 ||    35
Armor: Leather armour    |     4 |       ||     4
       Plate armour      |    24 |    79 ||   103
Dodge: Dodged            |    12 |    20 ||    32
